 Dungeon Crawl Stone Soup version 0.26.1-2-gb8aa6d0cf2 (webtiles) character file.

Game seed: 9231255780155964966

25 McKennaii the Conjurer (level 2, 0/15 HPs)
             Began as a Deep Elf Conjurer on Feb 17, 2021.
             Slain by a hobgoblin (3 damage)
             ... on level 1 of the Dungeon.
             The game lasted 00:00:41 (1210 turns).

McKennaii the Conjurer (Deep Elf Conjurer)          Turns: 1210, Time: 00:00:42

Health: 0/15       AC:  3    Str:  4    XL:     2   Next: 86%
Magic:  1/8        EV: 13    Int: 22    God:
Gold:   88         SH:  0    Dex: 13    Spells: 6/7 levels left

rFire    . . .     SeeInvis .   (no weapon)
rCold    . . .     Faith    .   (no shield)
rNeg     . . .     Spirit   .   a - +0 robe
rPois    .         Reflect  .   b - +0 helmet
rElec    .         Harm     .   (no cloak)
rCorr    .         Rampage  .   (no gloves)
Will     .....                  (no boots)
Stlth    ++........             (no amulet)
HPRegen  0.05/turn              (no ring)
MPRegen  0.11/turn              (no ring)

@: no status effects
A: no striking features
a: no special abilities


You were on level 1 of the Dungeon.
You visited 1 branch of the dungeon, and saw 2 of its levels.

You collected 88 gold pieces.

Inventory:

Armour
 a - a +0 robe (worn)
 b - a +0 helmet (worn)
Scrolls
 c - a scroll of enchant armour {unknown}
 d - a scroll of blinking {unknown}
 e - 4 scrolls of identify {unknown}
 f - a scroll of teleportation {unknown}
Potions
 g - a potion of curing


   Skills:
 + Level 2.4 Dodging
 + Level 2.5 Stealth
 * Level 3.2 Spellcasting
 * Level 5.2 Conjurations


You had 6 spell levels left.
You knew the following spells:

 Your Spells              Type           Power        Failure   Level
a - Magic Dart            Conj           100%         1%          1

Your spell library contained the following spells:

 Spells                   Type           Power        Failure   Level
 Searing Ray              Conj           52%          1%          2
 Dazzling Flash           Conj/Hex       30%          12%         3
 Fulminant Prism          Conj/Hex       7%           38%         4
 Iskenderun's Mystic Bla  Conj/Tloc      15%          38%         4


Dungeon Overview and Level Annotations

Branches:
Dungeon (2/15)

Altars:


Message History

You climb upwards.
There is a stone staircase leading down here.
You hit the hobgoblin.
The hobgoblin is lightly wounded.
The hobgoblin hits you.
You hit the hobgoblin but do no damage.
The hobgoblin is lightly wounded.
The hobgoblin closely misses you.
The magic dart hits the hobgoblin.
The hobgoblin is severely wounded.
The hobgoblin drinks a potion.
The hobgoblin is healed!
You are too depleted to draw on your mana recklessly!
You closely miss the hobgoblin. The hobgoblin hits you.
You hit the hobgoblin but do no damage. The hobgoblin hits you.
You closely miss the hobgoblin. The hobgoblin closely misses you.
You hit the hobgoblin but do no damage. The hobgoblin barely misses you.
The hobgoblin hits you.
* * * LOW HITPOINT WARNING * * *
The hobgoblin hits you.
You die...

#.#..##.##.# #.# #......
#.##.#.....######.## #....##
#.##.#.............###....##
#.##.#..########............
#.##.#..# #.....###).##
#.##.#).# #.....# #..#
#.......# ##.....###..#
##.###.###### #...........#
#.# #.##>.@###.###.......#
#.# #.##.g..)..# #.##.##.##
#.# #.##...##### #.##.#...#
#.# #.###.## #.##...... #.#
#.# #.# #.####...# #.#
#.###.########.#####.##
#.###....................##
#.........########.#####.##
#########.# #.......##


You could see a hobgoblin.

Vanquished Creatures
  A leopard gecko (D:1)
  A bat (D:1)
  2 giant cockroaches (D:1)
  4 goblins (D:1)
  3 hobgoblins (D:1)
  3 jackals (D:2)
  A quokka (D:2)
  2 frilled lizards (D:1)
  2 kobolds (D:1)
  2 rats (D:1)
21 creatures vanquished.

Notes
Turn   | Place    | Note
-------+----------+-------------------------------------------
     0 | D:1      | McKennaii the Deep Elf Conjurer began the quest for the
                  | Orb.
     0 | D:1      | Reached XP level 1. HP: 10/10 MP: 6/6
   619 | D:1      | Reached XP level 2. HP: 15/15 MP: 5/8
   688 | D:1      | Reached skill level 5 in Conjurations
  1210 | D:1      | Slain by a hobgoblin

Illustrated notes

Levels and vault maps discovered:
D:1:      wander_arrival_chamber, layout_loops_ring
D:2:      layout_loops_ring, riverfiend_overflow_shadow_ancestor,
          uniq_crazy_yiuf_cottage, uniq_natasha

Skill      XL: |  1  2 |
---------------+-------+-----
Conjurations   | 5 |  5.2
Dodging        | |  2.4
Stealth        | |  2.5
Spellcasting   | |  3.2

Action                   || total
-------------------------++-------
Melee: Unarmed           ||     6
 Cast: Magic Dart        ||    45
Armor: Robe              ||     4
Dodge: Dodged            ||     8
